 Dungeon Crawl Stone Soup version 0.21-a0-88-g13b9641 (webtiles) character file.

50968 Ijustatesigmund the Slicer (level 14, -5/106 HPs)
             Began as an Octopode Assassin on June 27, 2017.
             Was a High Priest of Okawaru.
             Engulfed by an ice statue's freezing vapour (27 damage)
             ... in an ice cave.
             The game lasted 01:12:21 (19840 turns).

Ijustatesigmund the Slicer (Octopode Assassin)     Turns: 19840, Time: 01:12:21

Health: -5/106     AC:  5    Str: 12 (14) XL:     14   Next: 57%
Magic:  32/32      EV: 22    Int: 27      God:    Okawaru [*****.]
Gold:   492        SH: 14    Dex: 17      Spells: 11/13 levels left

rFire    + . .     SeeInvis +   V - +1 scimitar (flame)
rCold    . . .     Gourm    .   B - +0 buckler of the Carpenter {-Cast rF+ Regen+ Int+10}
rNeg     + . .     Faith    .   w - +2 hat {SInv}
rPois    +         Spirit   .   l - brooch of Shielding {Reflect SH+8}
rElec    .         Reflect  +   e - +2 ring of protection
rCorr    .         Harm     .   s - ring of positive energy
MR       +....     NoCast   +   C - ring of flight
Stlth    ++++......             i - +3 ring of strength
HPRegen  0.67/turn              o - ring of Dob Rul {MP+9 Int+3}
MPRegen  0.23/turn              p - +3 ring of evasion
                                I - ring of wizardry
                                (no ring)

@: no status effects
A: almost no armour, stealthy swim, amphibious, 8 rings, constrict 8, camouflage
1, deterioration 1, poison resistance, gelatinous body 1
a: Heroism, Finesse, Renounce Religion, Evoke Flight


You were in an ice cave.
You worshipped Okawaru.
Okawaru was extremely pleased with you.
You were full.

You visited 4 branches of the dungeon, and saw 21 of its levels.
You also visited: Labyrinth, Ice Cave and Volcano.

You collected 1546 gold pieces.
You spent 1054 gold pieces at shops.

Inventory:

Hand Weapons
 a - a +7 quick blade
 b - a +0 blowgun
 j - a +2 vampiric short sword
 q - the +8 mace "Fiseekk" {elec, *Slow rPois rN++}
   (You found it on level 5 of the Dungeon)

   Occasionally, upon striking a foe, it will discharge some electrical energy
   and cause terrible harm.
   It protects you from poison.
   It greatly protects you from negative energy.
   It may slow you when you take damage.
 v - a +5 scimitar
 y - a +1 rapier of protection
 Q - a +2 short sword of venom
 V - a +1 scimitar of flaming (weapon)
Missiles
 c - 29 poisoned needles
 u - 4 needles of confusion
 A - 2 curare-tipped needles
 F - 11 poisoned javelins (quivered)
Armour
 w - a +2 hat of see invisible (worn)
 B - the +0 buckler of the Carpenter (worn) {-Cast rF+ Regen+ Int+10}
   (You bought it in a shop on level 6 of the Dungeon)

   It affects your intelligence (+10).
   It protects you from fire.
   It prevents spellcasting.
   It increases your rate of regeneration.
 E - a +0 hat of magic resistance
 L - a +1 buckler of protection
 N - a +1 shield of protection
Jewellery
 e - a +2 ring of protection (left tentacle)
 g - an uncursed ring of fire
 i - a +3 ring of strength (on tentacle)
 l - the brooch of Shielding (around mantle) {Reflect SH+8}
   (You took it off an orc warrior on level 6 of the Dungeon)

   [amulet of reflection]

   It shields you and reflects attacks.
   It affects your SH (+8).
 o - the ring of Dob Rul (on tentacle) {MP+9 Int+3}
   (You bought it in a shop on level 11 of the Dungeon)

   [ring of magical power]

   It affects your intelligence (+3).
   It affects your magic capacity (+9).
 p - a +3 ring of evasion (on tentacle)
 s - a ring of positive energy (right tentacle)
 C - a ring of flight (on tentacle)
 I - a ring of wizardry (on tentacle)
 S - an uncursed amulet of faith
 Y - an uncursed ring of ice
Wands
 d - a wand of lightning (3/15)
 r - a wand of lightning (10/15)
 H - a wand of enslavement (0/24)
 J - a wand of lightning (9/15)
 M - a wand of scattershot (6/9)
 W - a wand of lightning (7/15)
Scrolls
 h - 6 scrolls of remove curse
 n - 4 scrolls of identify
 z - a scroll of teleportation
Potions
 k - 2 potions of flight
 m - a potion of curing
 t - a potion of cancellation
 x - a potion of ambrosia
 G - a potion of haste
 K - a potion of lignification
 R - a potion of brilliance
 T - a potion of berserk rage
 U - 2 potions of invisibility
 X - 2 potions of might
 Z - 2 potions of agility
Books
 P - the Reference Book on the Dark Rocks
   (You found it in a labyrinth)

   Spells                             Type                      Level
   a - Control Undead                 Necromancy                   4
   b - Petrify                        Transmutation/Earth          4
   c - Lee's Rapid Deconstruction     Earth                        5
   d - Death Channel                  Necromancy                   6
   e - Shatter                        Earth                        9
Miscellaneous
 O - a lamp of fire
Comestibles
 f - 8 bread rations
 D - 8 meat rations


   Skills:
 + Level 13.1 Fighting
 + Level 13.2 Short Blades
 - Level 5.1 Throwing
 - Level 9.0 Dodging
 - Level 6.3 Stealth
 - Level 5.3 Shields
 + Level 13.1 Invocations


You had 11 spell levels left.
You knew the following spells:

 Your Spells              Type           Power        Failure   Level  Hunger
a - Blink                 Tloc           N/A          8%          2    ###....


Dungeon Overview and Level Annotations

Branches:
Dungeon (13/15)            Temple (1/1) D:4            Lair (5/6) D:8
  Swamp (0/4) Lair:3        Snake (0/4) Lair:3          Orc (2/2) D:11
  Slime: Lair:5-6       Elf: Orc:2       Vaults: D:13-14

Altars:
Ashenzari
Cheibriados
Dithmenos
Elyvilon
Fedhas
Gozag
Hepliaklqana
Kikubaaqudgha
Makhleb
Nemelex Xobeh
Okawaru
Qazlal
Ru
Sif Muna
Trog
Uskayaw
Vehumet
Wu Jian
Xom
Yredelemnul
Zin
The Shining One
Lugonu

Shops:
D:6 [??([   D:8 %   D:9 ?   D:10 :===   D:11 *%*   Orc:1 }   Orc:2 (

Annotations:
IceCv exclusion: 2 ice statues


Innate Abilities, Weirdness & Mutations

You cannot wear most types of armour.
You are very stealthy in the water. (Stealth+)
You are amphibious.
You can wear up to eight rings at the same time.
You can use your tentacles to constrict eight enemies at once.
Your skin changes colour to match your surroundings (Stealth+).
Your rubbery body absorbs attacks. (AC +1, EV +1)
Your body sometimes deteriorates upon taking damage.
Your system is resistant to poisons. (rPois)


Message History

* * * LOW HITPOINT WARNING * * *
The ice beast completely misses you. The ice statue gestures at you.
The freezing blast engulfs you!
* * * LOW HITPOINT WARNING * * *
You feel better.
You are engulfed in freezing vapours.
* * * LOW HITPOINT WARNING * * *
You block the ice beast's attack.
You feel better. The ice beast completely misses you.
The ice statue gestures.
You hit the ice statue.
You melt the ice statue.
You squeeze the ice statue!
The ice statue is moderately damaged.
You block the ice beast's attack.
The ice statue gestures.
You hit the ice statue but do no damage.
The ice statue is moderately damaged.
The ice statue gestures at you. You block the ice beast's attack.
You feel better.
You are engulfed in freezing vapours.
You die...

##%.## ##††# #
##..####
##.#....#.##
##..........##
#......§.....##
#........#.§§..##
......###§§§§...#
..#### #§Y@§§..#
## #...§8Y..##
#.Y§.§..###
...§§§§###
##8..§### ###..
##.


You could see 2 ice statues and 3 ice beasts.

Vanquished Creatures
  Rupert (Lair:4)
  Gastronok (Lair:2)
  A stone giant (Volcano)
  The ghost of tilp the Thaumaturge, a journeyman HOFE of Okawaru (Lair:1)
  A minotaur (Lab)
  2 hydras (Lair:5)
  Fannar (Lair:2)
  Erica (D:11)
  4 two-headed ogres
  Urug (D:10)
  An unseen horror (D:11)
  Pikel (D:4)
  The ghost of anything the Basher, a novice GrMo of Qazlal (D:8)
  A deep elf mage (D:12)
  2 ugly things
  A cyclops (D:12)
  3 gargoyles (Volcano)
  3 black mambas
  A molten gargoyle (Volcano)
  6 spiny frogs
  2 rime drakes
  6 komodo dragons
  An efreet (Volcano)
  3 trolls
  11 hippogriffs
  17 blink frogs
  4 polar bears
  Sigmund (D:6)
  A redback (Lab)
  3 basilisks
  53 yaks
  A human (D:8)
  A wyvern (D:8)
  A fire elemental (Volcano)
  2 hogs (D:8)
  3 hungry ghosts
  2 fire bats (Volcano)
  A warg (Orc:1)
  2 nagas (Lair:3)
  11 water moccasins
  7 porcupines
  20 orc warriors
  A swamp drake (Lair:3)
  5 ice beasts
  A necrophage (D:9)
  4 sky beasts
  A slave (D:4)
  A phantom (D:6)
  17 wolves
  5 centaurs
  8 ogres
  4 crocodiles
  A big kobold (D:9)
  An earth elemental (Volcano)
  17 bullfrogs
  A water moccasin zombie (D:9)
  5 scorpions
  A hornet simulacrum (D:9)
  5 wights (D:6)
  16 killer bees
  An electric eel (D:9)
  4 howler monkeys
  7 crimson imps
  3 centaur skeletons
  4 lava snakes (Volcano)
  5 hounds
  12 orc priests
  A jelly (D:6)
  2 bullfrog skeletons
  6 worker ants
  7 iguanas
  24 orc wizards
  5 hell rats (Lair:5)
  2 centaur simulacra (D:9)
  2 bullfrog simulacra (D:9)
  A hound zombie (D:11)
  8 gnolls
  A howler monkey skeleton (D:6)
  17 adders
  2 hound simulacra (D:9)
  4 shadow imps
  16 white imps
  2 ufetubi (D:9)
  An ooze (D:2)
  2 adder zombies
  2 adder skeletons
  6 worms
  3 dart slugs
  2 adder simulacra (D:9)
  3 leopard geckos
  76 orcs
  A bat zombie (D:9)
  4 giant cockroaches
  6 goblins
  7 hobgoblins
  2 jackals (D:7)
  10 kobolds
  7 quokkas
  3 ball pythons
  A ball python skeleton (D:4)
  8 bats
  8 frilled lizards
  2 goblin skeletons (D:8)
  A goblin zombie (D:8)
  A hobgoblin zombie (D:8)
  A jackal skeleton (D:4)
  2 kobold skeletons (D:8)
  2 kobold zombies (D:8)
  An orc skeleton (D:8)
  A quokka zombie (D:5)
  7 rats
  3 rat zombies (D:9)
590 creatures vanquished.

Vanquished Creatures (others)
  A slave (D:5)
  A centaur (D:9)
  A centaur skeleton (D:7)
  4 jackals (D:5)
  3 fungi (Lair:2)
  A plant (Lair:3)
11 creatures vanquished.

Grand Total: 601 creatures vanquished

Notes
Turn   | Place    | Note
-------+----------+-------------------------------------------
     0 | D:1      | Ijustatesigmund the Octopode Assassin began the quest for the Orb.
     0 | D:1      | Reached XP level 1. HP: 14/14 MP: 1/1
   430 | D:1      | Reached XP level 2. HP: 19/19 MP: 2/2
  1106 | D:2      | Reached XP level 3. HP: 20/25 MP: 3/3
  1339 | D:2      | Found a shattered altar of Ashenzari.
  1342 | D:2      | Reached skill level 1 in Shields
  1378 | D:2      | Found a bloodstained altar of Trog.
  1471 | D:2      | Reached XP level 4. HP: 30/30 MP: 4/4
  1684 | D:2      | Found a snail-covered altar of Cheibriados.
  1783 | D:3      | Found a sparkling altar of Nemelex Xobeh.
  1824 | D:3      | Noticed a bullfrog
  1836 | D:3      | Killed a bullfrog
  1836 | D:3      | Reached XP level 5. HP: 21/35 MP: 5/5
  2412 | D:3      | Reached XP level 6. HP: 19/41 MP: 6/6
  3150 | D:4      | Reached XP level 7. HP: 37/46 MP: 7/7
  3293 | D:4      | Reached skill level 5 in Shields
  3454 | D:4      | Found a staircase to the Ecumenical Temple.
  3464 | Temple   | Entered the Ecumenical Temple
  3725 | D:4      | Found a sacrificial altar of Ru.
  4028 | D:5      | Entered Level 5 of the Dungeon
  4057 | D:5      | Noticed Pikel
  4220 | D:4      | Killed Pikel
  4220 | D:4      | Reached skill level 5 in Fighting
  4220 | D:4      | Reached skill level 5 in Short Blades
  4220 | D:4      | Reached XP level 8. HP: 49/55 MP: 8/8
  4443 | D:5      | Found an iron altar of Okawaru.
  4463 | D:5      | Became a worshipper of Warmaster Okawaru
  4465 | D:5      | Got a scorched mace
  4466 | D:5      | Identified the +8 mace "Fiseekk" {elec, *Slow rPois rN++} (You found it on level 5 of the Dungeon)
  4611 | D:5      | Reached skill level 1 in Invocations
  4619 | D:5      | Found a radiant altar of Vehumet.
  5313 | D:6      | Found Mogiraun's Armour Shoppe.
  5473 | D:6      | Reached XP level 9. HP: 55/62 MP: 10/10
  5502 | D:6      | Reached * piety under Okawaru
  5509 | D:7      | Reached skill level 5 in Dodging
  6021 | D:6      | Found Kiov's Antique Armour Emporium.
  6433 | D:6      | Reached ** piety under Okawaru
  6697 | D:6      | Found Quodi's Magic Scroll Boutique.
  6712 | D:6      | Found Ashuzxac's Magic Scroll Boutique.
  6721 | D:6      | Found a radiant altar of Vehumet.
  6731 | D:6      | Found Woerrybb's Weapon Shoppe.
  6956 | D:6      | Noticed Sigmund
  6973 | D:6      | Killed Sigmund
  7032 | D:6      | Bought the cursed +0 buckler of the Carpenter {-Cast rF+ Regen+ Int+10} for 383 gold pieces
  7102 | D:7      | Found a glowing silver altar of Zin.
  7237 | D:7      | Reached skill level 5 in Invocations
  7237 | D:7      | Reached XP level 10. HP: 61/71 MP: 10/13
  7359 | D:7      | Found a stormy altar of Qazlal.
  7676 | D:7      | Found a basalt altar of Yredelemnul.
  7797 | D:7      | Found an opulent altar of Gozag.
  7799 | D:7      | Found a deep blue altar of Sif Muna.
  7929 | D:8      | Reached *** piety under Okawaru
  7982 | D:8      | Learned a level 2 spell: Blink
  8080 | D:8      | Received a gift from Okawaru
  8163 | D:8      | Found Zusuraps's Food Emporium.
  8211 | D:8      | Found a glowing golden altar of the Shining One.
  8216 | D:8      | Noticed anything's ghost (novice GrMo)
  8478 | D:8      | Found a shadowy altar of Dithmenos.
  8538 | D:8      | Received a gift from Okawaru
  8648 | D:8      | Found a staircase to the Lair.
  9164 | D:9      | Found an ancient bone altar of Kikubaaqudgha.
  9185 | D:9      | Noticed a two-headed ogre
  9214 | D:9      | Noticed a two-headed ogre
  9310 | D:9      | Killed a two-headed ogre
  9387 | D:9      | Reached **** piety under Okawaru
  9387 | D:9      | Reached XP level 11. HP: 29/78 MP: 16/16
  9913 | D:9      | Noticed a two-headed ogre
  9949 | D:10     | Entered Level 10 of the Dungeon
 10083 | D:9      | Killed a two-headed ogre
 10083 | D:9      | Reached ***** piety under Okawaru
 10185 | D:9      | Found an ornate altar of the Wu Jian Council.
 10332 | D:9      | Reached skill level 10 in Short Blades
 10415 | D:9      | Killed a two-headed ogre
 10415 | D:9      | Received a gift from Okawaru
 10644 | D:9      | Found Ronaecakh's Magic Scroll Emporium.
 10647 | D:9      | Bought a scroll of teleportation for 48 gold pieces
 10647 | D:9      | Bought a scroll of blinking for 120 gold pieces
 10662 | D:9      | Reached skill level 10 in Fighting
 10673 | D:10     | Found Iptesh's Jewellery Shoppe.
 10686 | D:10     | Found Zaedei's Gadget Boutique.
 10715 | D:10     | Noticed Urug
 10735 | D:10     | Killed Urug
 10735 | D:10     | Reached XP level 12. HP: 44/87 MP: 16/19
 10853 | D:10     | Noticed a two-headed ogre
 10881 | D:10     | Killed a two-headed ogre
 10989 | D:10     | Found Faetit's Jewellery Shoppe.
 11043 | D:10     | Found Gooso's Book Emporium.
 11201 | D:10     | Found Joguxkec's Jewellery Shop.
 11499 | D:11     | Found Afoafa's Food Shop.
 11532 | D:11     | Found Gywev's Assorted Antiques.
 11538 | D:11     | Bought an amethyst potion for 28 gold pieces
 11634 | D:10     | You fall through a shaft for 3 floors!
 11883 | D:12     | Reached skill level 10 in Invocations
 12080 | D:11     | Found a staircase to the Orcish Mines.
 12106 | D:11     | Found Inidotist's Assorted Antiques.
 12181 | D:11     | Noticed Erica
 12193 | D:11     | Killed Erica
 12426 | D:8      | Killed anything's ghost
 12762 | Orc:1    | Entered Level 1 of the Orcish Mines
 13282 | Orc:1    | Received a gift from Okawaru
 13361 | Orc:2    | Entered Level 2 of the Orcish Mines
 13538 | Orc:1    | Found Rimmuth's Gadget Emporium.
 13706 | Orc:2    | Noticed an orc warlord
 13722 | Orc:1    | Reached XP level 13. HP: 72/95 MP: 18/21
 13881 | Orc:1    | Reached skill level 5 in Throwing
 13906 | Orc:2    | Found Qobrial's Antique Weapon Shop.
 13906 | Orc:2    | Noticed an orc warlord
 14341 | D:11     | Bought a flickering marble ring for 160 gold pieces
 14341 | D:11     | Identified the ring of Dob Rul {MP+9 Int+3} (You bought it in a shop on level 11 of the Dungeon)
 14400 | D:10     | Bought a +3 ring of evasion for 315 gold pieces
 14462 | Lair:1   | Entered Level 1 of the Lair of Beasts
 14784 | Lair:1   | Noticed tilp's ghost (journeyman HOFE)
 14802 | Lair:1   | Killed tilp's ghost
 15465 | Lair:2   | Noticed Gastronok
 15472 | Lair:2   | Killed Gastronok
 15686 | Lair:2   | Received a gift from Okawaru
 15859 | Lair:2   | Noticed Fannar
 15893 | Lair:2   | Killed Fannar
 16311 | Lair:3   | Found a staircase to the Swamp.
 16403 | Lair:3   | Found a dark tunnel.
 16416 | Volcano  | Entered a volcano
 16583 | Volcano  | Found a burning altar of Makhleb.
 16710 | Volcano  | Received a gift from Okawaru
 16759 | Volcano  | Noticed a stone giant
 16764 | Volcano  | Killed a stone giant
 16944 | Lair:3   | Found a staircase to the Snake Pit.
 17339 | Lair:3   | Reached XP level 14. HP: 86/104 MP: 23/23
 18080 | Lair:4   | Found a labyrinth entrance.
 18089 | Lab      | Entered a labyrinth
 18289 | Lab      | Received a gift from Okawaru
 18302 | Lab      | Identified the Reference Book on the Dark Rocks
 18312 | Lab      | Gained mutation: You are resistant to hostile enchantments. (MR+) [potion of mutation]
 18312 | Lab      | Gained mutation: Scrolls take you a little longer to read. [potion of mutation]
 18312 | Lab      | Gained mutation: You possess an exceptional clarity of mind. [potion of mutation]
 18312 | Lab      | Gained mutation: You are partially covered in slimy green scales. (AC +2) [potion of mutation]
 18347 | Lair:4   | Noticed Rupert
 18418 | Lair:4   | Killed Rupert
 18418 | Lair:4   | Received a gift from Okawaru
 18756 | Lair:4   | Reached ****** piety under Okawaru
 19616 | Lair:5   | Found a frozen archway.
 19620 | Lair:5   | Lost mutation: Scrolls take you a little longer to read. [potion of mutation]
 19620 | Lair:5   | Lost mutation: You possess an exceptional clarity of mind. [potion of mutation]
 19620 | Lair:5   | Lost mutation: You are resistant to hostile enchantments. (MR+) [potion of mutation]
 19620 | Lair:5   | Lost mutation: You are partially covered in slimy green scales. (AC +2) [potion of mutation]
 19620 | Lair:5   | Gained mutation: Your body sometimes deteriorates upon taking damage. [potion of mutation]
 19620 | Lair:5   | Gained mutation: Your system is resistant to poisons. (rPois) [potion of mutation]
 19651 | IceCv    | Entered an ice cave
 19836 | IceCv    | HP: 3/106 [ice statue] (10)]
 19840 | IceCv    | Engulfed by an ice statue's freezing vapour

Vault maps used:
D:1:      lightli_arrival_isolated_outpost
D:2:      cheibrodos_helix_gallery, kennysheep_slug_shrine, bloody_trog,
          old_standard_altar, minmay_misc_feat_nine_boxes,
          kennysheep_generic_room_5
D:3:      overflow_temple_1_default, grunt_ministairs_14, minmay_close_crescents
D:4:      lemuel_coloured_pillars_altar, temple_pool_b, first_bread
D:5:      fiery_altar_vehumet, okawaru_ov_weapons_minmay, uniq_pikel
D:6:      serial_shops, nicolae_shop_behind_doors, shop,
          nicolae_shop_statue_plus, shop, shop, basic_altar, uniq_sigmund
D:7:      grunt_qazlal_clouds, old_standard_altar, kennysheep_mini, minitemple,
          minmay_statues_item
D:8:      nicolae_overflow_hidden_temple, nicolae_tso_besieged_by_evil,
          grunt_lair_entry_orc_guard_hut, serial_shops, shop, grunt_livestock
D:9:      lemuel_doored_altar, lemuel_zombie_altar_kikubaaqudgha, serial_ice,
          serial_ice_f, serial_ice_l, serial_ice_b, serial_ice_e, serial_ice_m,
          serial_ice_c, serial_ice_a, serial_ice_o, serial_ice_n, serial_ice_g,
          serial_shops, nicolae_shop_behind_doors
D:10:     serial_shops, nicolae_shop_temple_entry_statues_fountains, shop,
          kennysheep_little_box, shop, nicolae_shop_stone,
          minmay_misc_feat_roman, uniq_urug
D:11:     orc_0_dummy, serial_shops, nicolae_shop_waterfront, shop,
          shop_fountains, uniq_erica
D:12:     serial_shops, shop, shop
D:13:     david_vaults_4, hangedman_abyss_or_decor_jellyfish_corner,
          uniq_josephine, uniq_azrael
Temple:   corrupted_temple
Lair:2:   uniq_fannar, uniq_gastronok
Lair:3:   minmay_swamp_entry_reptiles, guppyfry_snake_entry_garden,
          nicolae_volcano_entry_hallway
Lair:4:   lab_entry_generic, grunt_megastairs_4, uniq_rupert
Lair:5:   portal_ice_cave_entry_imps, grunt_megastairs_3
Orc:1:    serial_shops, shop
Orc:2:    grunt_orc_gardens, grunt_orc_garden, grunt_orc_garden,
          grunt_orc_garden, grunt_orc_garden
Lab:      nicolae_lab_dead_adventurers, nicolae_lab_x,
          labyrinth_skeletal_remains
IceCv:    ice_cave_small_giant
Volcano:  volcano_lake

Skill      XL: |  1  2  3  4  5  6  7  8  9 10 11 12 13 14 |
---------------+-------------------------------------------+-----
Dodging        | 2 3 4 6 8 9 |  9.0
Shields        | 2 4 5 |  5.3
Short Blades   | 3 5 6 7 8 10 11 12 13 | 13.2
Fighting       | 3 5 6 7 8 10 11 12 13 | 13.1
Invocations    | 2 5 7 9 11 12 13 | 13.1
Stealth        | 6 |  6.3
Throwing       | 4 5 |  5.1

Action                   |  1- 3 |  4- 6 |  7- 9 | 10-12 | 13-15 || total
-------------------------+-------+-------+-------+-------+-------++-------
Melee: Dagger            |    28 |       |       |       |       ||    28
       Constrict         |    11 |    35 |    56 |   133 |    78 ||   313
       Tentacles         |     7 |    23 |    69 |   236 |   256 ||   591
       Short sword       |    29 |   116 |   172 |   579 |       ||   896
       Mace              |       |       |    40 |       |       ||    40
       Scimitar          |       |       |    60 |   236 |   126 ||   422
       Punch             |       |       |     1 |    13 |    14 ||    28
       Quick blade       |       |       |       |    79 |   697 ||   776
 Fire: Blowgun           |       |       |    24 |    35 |     8 ||    67
Throw: Javelin           |       |       |       |     2 |     2 ||     4
       Throwing net      |       |       |       |     1 |     1 ||     2
Invok: Heroism           |       |       |     3 |    19 |    15 ||    37
       Finesse           |       |       |       |       |     1 ||     1
Evoke: Wand              |       |       |       |     3 |     4 ||     7
  Use: Scroll            |     5 |     3 |     7 |    16 |    13 ||    44
       Potion            |       |     1 |     4 |     9 |     7 ||    21
 Stab: Sleeping          |    14 |    10 |     8 |    34 |    27 ||    93
       Distracted        |       |       |     2 |     3 |       ||     5
  Eat: Chunk             |     1 |     6 |     5 |    12 |     9 ||    33
       Bread ration      |       |       |     2 |       |     1 ||     3
       Fruit             |       |       |       |     7 |     2 ||     9
       Royal jelly       |       |       |       |     1 |     5 ||     6
Armor: Skin              |     4 |     8 |    30 |    17 |    20 ||    79
Dodge: Dodged            |    34 |    42 |   106 |   324 |   324 ||   830
Block: Shield            |     5 |    50 |    92 |       |       ||   147
       Buckler           |       |       |     9 |   398 |   311 ||   718
       Reflection        |       |       |       |    21 |     5 ||    26
       Rpst.: Scimitar   |       |       |     8 |    34 |    34 ||    76
